 Dungeon Crawl Stone Soup version 0.27.1-1-g398f81649c (webtiles) character file.

Game seed: 3245354316381583494

84 Thatpatchoflichen the Chopper (level 4, -3/41 HPs)
             Began as a Hill Orc Monk on Sept 6, 2021.
             Killed from afar by Sigmund (9 damage)
             ... with a puff of flame
             ... on level 2 of the Dungeon.
             The game lasted 00:05:35 (2424 turns).

Thatpatchoflichen the Chopper (Hill Orc Monk)       Turns: 2424, Time: 00:05:35

Health: -3/41      AC:  9    Str: 14    XL:     4   Next: 46%
Magic:  4/4        EV: 10    Int: 10    God:
Gold:   71         SH:  0    Dex: 13    Spells: 3/3 levels left

rFire    . . .     SeeInvis .   a - +0 hand axe
rCold    . . .     Faith    .   (no shield)
rNeg     . . .     Spirit   .   l - +0 scale mail
rPois    .         Reflect  .   i - +2 helmet
rElec    .         Harm     .   (no cloak)
rCorr    .         Rampage  .   (no gloves)
Will     .....                  (no boots)
Stlth    ..........             (no amulet)
HPRegen  0.13/turn              (no ring)
MPRegen  0.09/turn              (no ring)

@: no status effects
A: no striking features
a: no special abilities


You were on level 2 of the Dungeon.
You visited 1 branch of the dungeon, and saw 2 of its levels.

You collected 71 gold pieces.

Inventory:

Hand Weapons
 a - a +0 hand axe (weapon)
Missiles
 e - 9 poisoned darts (quivered)
 f - 48 stones
 g - 20 arrows
Armour
 h - a +2 helmet
 i - a +2 helmet (worn)
 l - a +0 scale mail (worn)
Scrolls
 c - a scroll of teleportation {unknown}
 d - 2 scrolls of identify {unknown}
Potions
 b - 2 potions of heal wounds {unknown}
 j - a potion of mutation {unknown}
 k - 2 potions of degeneration {unknown}


   Skills:
 + Level 4.5 Fighting
 - Level 4.5 Axes
 + Level 2.1 Armour
 - Level 3.0 Dodging
 - Level 1.5 Stealth


You had 3 spell levels left.
You didn't know any spells.
Your spell library was empty.

Dungeon Overview and Level Annotations

Branches:
Dungeon (2/15)

Altars:

Shops:
D:2 [

Annotations:
D:2 Sigmund


Message History

You hit something.
You hear a zap.
A puff of flame appears from out of thin air!
The puff of flame misses you.
You miss something.
You hear a zap.
A puff of flame appears from out of thin air!
The puff of flame hits you!
You miss something. Something hits you but does no damage.
You miss something.
You hear a zap.
A puff of flame appears from out of thin air!
The puff of flame misses you.
You miss something.
You hear some strange, mumbled words.
Something tries to affect you, but you resist.
You hit something. Something hits you.
You closely miss something. You hit something but do no damage.
Something hits you but does no damage.
You miss something. Something hits you but does no damage.
You miss something. Something hits you but does no damage.
Your scale mail prevents you from hitting something.
You hit something. Something hits you but does no damage.
You completely miss something. Something hits you!
You hit something but do no damage. You hit something. Something hits you.
* * * LOW HITPOINT WARNING * * *
You completely miss something. Something completely misses you.
You barely miss something. Something hits you but does no damage.
You miss something. You completely miss something.
You hear some strange, mumbled words.
A puff of flame appears from out of thin air!
The puff of flame hits you.
* * * LOW HITPOINT WARNING * * *
You barely miss something.
You hear a zap.
A puff of flame appears from out of thin air!
The puff of flame hits you!
You die...

..
#.........
#..#
#...######
#..# #####
#..# #..#
#..# #..#
#{.# #@.#
#..#
####..#
#.....#
#.##.##
#.##.#
#.##.#
#.##.#
#.##.#


There were no monsters in sight!

Vanquished Creatures
  Robin (D:2)
  An adder (D:2)
  An adder skeleton (D:2)
  A dart slug (D:1)
  5 ball pythons
  5 bats (D:1)
  3 endoplasms (D:1)
  A giant cockroach (D:2)
  13 goblins
  7 hobgoblins
  4 kobolds
  4 quokkas
  A frilled lizard (D:1)
  4 rats (D:1)
51 creatures vanquished.

Notes
Turn   | Place    | Note
-------+----------+-------------------------------------------
     0 | D:1      | Thatpatchoflichen the Hill Orc Monk began the quest for the
                  | Orb.
     0 | D:1      | Reached XP level 1. HP: 19/19 MP: 1/1
   355 | D:1      | Reached XP level 2. HP: 20/27 MP: 2/2
   709 | D:1      | You fall into a shaft and drop 1 floor!
   746 | D:2      | Found Lurysmua's Antique Armour Shoppe.
   777 | D:2      | Reached skill level 1 in Armour
   777 | D:2      | Reached XP level 3. HP: 31/33 MP: 3/3
  1659 | D:1      | Found a faded altar of an unknown god.
  1879 | D:2      | Noticed Robin
  1886 | D:2      | Reached XP level 4. HP: 35/40 MP: 4/4
  2212 | D:2      | Killed Robin
  2399 | D:2      | Noticed Sigmund
  2424 | D:2      | Killed from afar by Sigmund

Illustrated notes

Levels and vault maps discovered:
D:1:      psy_arrival_conway, layout_basic, dilly_ecumenical_altar_fadedgnrine,
          st_stairs_3, minmay_3d_cube
D:2:      layout_loops_ring, serial_shops, nicolae_shop_trees,
          minmay_statues_item, uniq_sigmund, uniq_robin

Skill      XL: |  1  2  3  4 |
---------------+-------------+-----
Armour         | 1 2 |  2.1
Fighting       | 4 |  4.5
Dodging        | 3 |  3.0
Axes           | |  4.5
Stealth        | |  1.5

Action                   |  1- 3 |  4- 6 || total
-------------------------+-------+-------++-------
Melee: Hand axe          |   136 |    57 ||   193
 Stab: Sleeping          |     3 |       ||     3
Armor: Robe              |    23 |       ||    23
       Ring mail         |    41 |       ||    41
       Scale mail        |    16 |    26 ||    42
Dodge: Dodged            |   108 |    33 ||   141
